 Seeded DCSS version 0.30-a0-242-g7bf8e6d787 (webtiles) character file.

Game seed: 12923527064258711504 (custom seed)

20 Nerdsrcool the Grave Robber (level 2, -6/20 HPs)
             Began as a Ghoul Necromancer on Oct 11, 2022.
             Killed by divine providence
             ... invoked by an orc priest
              (12 damage)
             ... on level 2 of the Dungeon.
             The game lasted 00:05:17 (1221 turns).

Nerdsrcool the Grave Robber (Ghoul Necromancer)     Turns: 1221, Time: 00:05:17

Health: -6/20      AC:  8    Str: 11    XL:     2   Next: 79%
Magic:  4/4        EV: 10    Int: 10    God:
Gold:   91         SH:  0    Dex:  9    Spells: 4/5 levels left

rFire   . . .      SeeInvis .    (no weapon)
rCold   + . .      Faith    .    (no shield)
rNeg    + + +      Spirit   .    p - +0 ring mail
rPois   ∞          Reflect  .    (no helmet)
rElec   .          Harm     .    d - +2 cloak
rCorr   .          Rampage  .    (no gloves)
Will    .....                    (no boots)
Stlth   +.........               m - amulet of regeneration
HPRegen 0.00/turn                (no ring)
MPRegen 0.09/turn                (no ring)

@: inhibited regen
A: claws 1, cold resistance 1, negative energy resistance 3, inhibited
regeneration, torment resistance 2, devour on kill
a: no special abilities


You were on level 2 of the Dungeon.
You visited 1 branch of the dungeon, and saw 2 of its levels.

You collected 91 gold pieces.

Inventory:

Missiles
 c - 6 poisoned darts
 i - 18 stones
 o - 4 large rocks
Armour
 a - a +0 robe
 d - a +2 cloak (worn)
 p - a +0 ring mail (worn)
Jewellery
 m - an amulet of regeneration (around neck)
Scrolls
 f - 4 scrolls of vulnerability {unknown}
 g - 2 scrolls of fog {unknown}
 k - 3 scrolls of identify {unknown}
 l - a scroll of fear {unknown}
 n - a scroll of teleportation {unknown}
Potions
 b - a potion of magic
 e - a potion of curing {unknown}
 h - 2 potions of degeneration {unknown}
 j - a potion of might {unknown}
 q - a potion of attraction {unknown}
 r - a potion of haste {unknown}
 s - a potion of brilliance {unknown}


   Skills:
 + Level 1.8 Dodging
 + Level 2.3 Stealth
 + Level 2.0 Spellcasting
 + Level 4.4 Necromancy


You had 4 spell levels left.
You knew the following spells:

 Your Spells              Type           Power      Damage    Failure   Level
a - Necrotise             Necr           36%        1d5       12%         1

Your spell library contained the following spells:

 Spells                   Type           Power      Damage    Failure   Level
 Vampiric Draining        Necr           9%         2d6       36%         3
 Animate Dead             Necr           9%         N/A       77%         4
 Agony                    Necr           9%         N/A       98%         5


Dungeon Overview and Level Annotations

Branches:
Dungeon (2/15)

Altars:


Innate Abilities, Weirdness & Mutations

You are immune to poison.
You have sharp fingernails.
Your flesh is cold resistant. (rC+)
You are immune to negative energy. (rN+++)
You do not regenerate when monsters are visible.
You are immune to unholy pain and torment.
You thrive by killing the living.


Message History

You continue putting on your amulet of regeneration. x5
You finish putting on your amulet of regeneration.
The amulet throbs as it attunes itself to your uninjured body.
m - an amulet of regeneration (around neck)
Found a stone staircase leading down.
A ball python comes into view.
You see here a brown potion.
s - a brown potion The ball python writhes in agony.
The ball python barely resists.
You scratch the ball python.
You kill the ball python!
Magic restored.
Things that are here:
a scarf of harm; a ball python corpse
Found a stone staircase leading up.
f - 4 scrolls labelled VASAUF WIMPIC (gained 1)
An orc comes into view. It is wielding a +0 dagger.
The orc shouts! 2 orc priests and 2 orcs come into view.
An orc priest is wielding a +2 whip of electrocution.
The orc priest shouts!
The orc shouts!
The orc priest shouts!
The orc priest invokes the aid of Beogh against you.
Beogh smites you!
Ouch! That really hurt!
You are too injured to fight recklessly!
The orc barely misses you.
You scratch the orc.
The orc is heavily wounded.
The orc hits you but does no damage.
You scratch the orc.
You kill the orc!
You scratch the orc but do no damage. The orc hits you with a +0 hand axe.
* * * LOW HITPOINT WARNING * * *
You closely miss the orc.
The orc priest calls down the wrath of Beogh upon you.
Beogh smites you!
Ouch! That really hurt!
You die...

#### ...##
#..# #.# #@#
#.......#o#
#.8...8.#o#
###
#....o..#o#
#.. .#
#....o..#.#
#.##.<
#...o...#o####
#.#..#
#.8.o.8.#....#
#.#..#
#.......#.##.#
#.#..#
..........##.#
#.#..#


You could see 2 orc priests and 2 orcs.

Vanquished Creatures
  An orc (D:2)
  6 bats
  An endoplasm (D:1)
  2 giant cockroaches
  A hobgoblin (D:1)
  2 ball pythons
  A frilled lizard (D:1)
  A goblin (D:1)
  3 kobolds (D:1)
18 creatures vanquished.

Notes
Turn   | Place    | Note
-------+----------+-------------------------------------------
     0 | D:1      | Nerdsrcool the Ghoul Necromancer began the quest for the
                  | Orb.
     0 | D:1      | Reached XP level 1. HP: 14/14 MP: 2/2
   279 | D:1      | Reached XP level 2. HP: 20/20 MP: 0/3
  1221 | D:2      | Killed from afar by an orc priest

Illustrated notes

Levels and vault maps discovered:
D:1:      dpeg_arrival_round_b, layout_loops_ring
D:2:      cheibrodos_pilgrimage, layout_loops_ring,
          hellmonk_ecumenical_altar_run_dry, uniq_jessica

Skill      XL: |  1  2 |
---------------+-------+-----
Spellcasting   | 2 |  2.0
Dodging        | |  1.8
Stealth        | |  2.3
Necromancy     | |  4.4

Action                   || total
-------------------------++-------
Melee: Unarmed           ||    34
 Cast: Necrotise         ||    21
Armor: Robe              ||     6
       Ring mail         ||    25
       Skin              ||     3
Dodge: Dodged            ||    45

Table legend: (Time is in decaauts)
 A = Elapsed time spent in this place.
 B = Non-inter-level travel time spent in this place.
 C = Inter-level travel time spent in this place.
 D = Time resting spent in this place.
 E = Time spent auto-exploring this place.
 F = Levels seen in this place.
 G = Mean time per level.
                   A        B        C        D        E       F      G
               +--------+--------+--------+--------+--------+-----+--------+
         Total |   1220 |   1169 |     51 |      0 |    882 |   2 |  610.0 |
       Dungeon |   1220 |   1169 |     51 |      0 |    882 |   2 |  610.0 |
               +--------+--------+--------+--------+--------+-----+--------+

Top non-repeatable levels by time:
     D:1: 1002 daAuts
     D:2: 218 daAuts
